 Dungeon Crawl Stone Soup version 0.30-a0-715-gdb4ae3ece1 (webtiles) character file.

Game seed: 16639481937146984203

7 Newt the Shooter (level 2, 18/18 HPs)
             Began as a Kobold Hunter on Jan 24, 2023.
             Was a High Priest of Ignis.
             Quit the game on level 1 of the Dungeon.
             The game lasted 00:00:24 (525 turns).

Newt the Shooter (Kobold Hunter)                     Turns: 525, Time: 00:00:25

Health: 18/18      AC:  3    Str:  8    XL:     2   Next: 5%
Magic:  2/2        EV: 14    Int: 10    God:    Ignis [*****.]
Gold:   47         SH:  0    Dex: 18    Spells: 1/1 levels left

rFire   + . .      SeeInvis .    a - +0 shortbow
rCold   . . .      Faith    .    (shield currently unavailable)
rNeg    . . .      Spirit   .    c - +0 leather armour
rPois   .          Reflect  .    (no helmet)
rElec   .          Harm     .    (no cloak)
rCorr   .          Rampage  .    (no gloves)
Will    .....                    (no boots)
Stlth   +++                      (no amulet)
HPRegen 0.23/turn                (no ring)
MPRegen 0.08/turn                (no ring)

@: no status effects
A: small, no large weapons, nightstalker 3
a: Renounce Religion, Fiery Armour, Foxfire Swarm, Rising Flame


You were on level 1 of the Dungeon.
You worshipped Ignis.
Ignis was extremely pleased with you.
You visited 1 branch of the dungeon, and saw 1 of its levels.

You collected 47 gold pieces.

Inventory:

Hand Weapons
 a - a +0 shortbow (weapon)
Armour
 c - a +0 leather armour (worn)
Scrolls
 b - a scroll of immolation
 d - 2 scrolls of identify {unknown}
 e - a scroll of amnesia {unknown}
 f - 2 scrolls of noise {unknown}
 i - a scroll of brand weapon {unknown}
 j - a scroll of vulnerability {unknown}
Potions
 g - 2 potions of heal wounds {unknown}
 h - a potion of berserk rage {unknown}


   Skills:
 + Level 2.9 Fighting
 - Level 5.3 Ranged Weapons
 - Level 2.4 Dodging
 - Level 1.3 Stealth


You had one spell level left.
You didn't know any spells.
Your spell library was empty.

Dungeon Overview and Level Annotations

Branches:
Dungeon (1/15)

Altars:
Ignis


Innate Abilities, Weirdness & Mutations

You are small and have problems with some larger weapons.
You are completely attuned to the shadows.


Message History

No target in view!
No target in view!
No target in view!
g - 2 bubbling sapphire potions (gained 1)
Found an escape hatch in the floor.
There is a stone staircase leading down here.
You now have 31 gold pieces (gained 10).
Found a war axe.
You see here a +0 war axe.
Found a ring mail.
No target in view!
No target in view!
No target in view!
No target in view!
No target in view!
No target in view!
No target in view!
h - a puce potion
i - a scroll labelled ODDEMM UT XIORPH
Found a faded altar of an unknown god.
No target in view!
No target in view!
No target in view!
No target in view!
You now have 47 gold pieces (gained 16).
d - 2 scrolls labelled FAERACEUMP (gained 1)
j - a scroll labelled KUGRIL KYHIEVA You open the door.
There is an open door here.
Found a leather armour.
No target in view!
Search for what [? for help]?
Okay, then.
Search for what [? for help]? .
Found 6 gold pieces.
There is a faded altar of an unknown god here.
This altar belongs to (a) Hepliaklqana, (b) Uskayaw or (c) Ignis, but you can't tell which.
Press the corresponding letter to learn more about a god, or press enter to convert or escape to cancel.
Ignis accepts your prayer! Ignis welcomes you!
Are you sure you want to abandon this character and quit the game? (Confirm with "yes".)

#...[.......#.#..>.#.
##.......)..#.#.####.
............#.# #.
......###...#.# #.
+.............### #.
#...........### ##
...###..###... .....
..........$.### .....
....@.....#.# .....
#.........# .....
#...##....# #.. #...
...... #.. #### ....
#.. #.. #.# #####..
######......


There were no monsters in sight!

Vanquished Creatures
  A ball python (D:1)
  An endoplasm (D:1)
  A giant cockroach (D:1)
  A quokka (D:1)
  A bat (D:1)
  A rat (D:1)
6 creatures vanquished.

Notes
Turn   | Place    | Note
-------+----------+-------------------------------------------
     0 | D:1      | Newt the Kobold Hunter began the quest for the Orb.
     0 | D:1      | Reached XP level 1. HP: 12/12 MP: 1/1
    78 | D:1      | Reached XP level 2. HP: 11/18 MP: 2/2
   399 | D:1      | Found a faded altar of an unknown god.
   524 | D:1      | Prayed at the altar of an unknown god.
   524 | D:1      | Became a worshipper of Ignis, the Dying Flame
   525 | D:1      | Quit the game

Illustrated notes

Levels and vault maps discovered:
D:1:      dpeg_arrival_concentric_ovals, layout_basic,
          hellmonk_ecumenical_altar_lost_god, minmay_hexomino_c4

Action                     || total
---------------------------++-------
   Fire: Shortbow          ||    14
 Armour: Leather armour    ||     4
  Dodge: Dodged            ||    19

Table legend: (Time is in decaauts)
 A = Elapsed time spent in this place.
 B = Non-inter-level travel time spent in this place.
 C = Inter-level travel time spent in this place.
 D = Time resting spent in this place.
 E = Time spent auto-exploring this place.
 F = Levels seen in this place.
 G = Mean time per level.
                   A        B        C        D        E       F      G
               +--------+--------+--------+--------+--------+-----+--------+
         Total |    529 |    498 |     31 |     53 |    404 |   1 |  529.0 |
       Dungeon |    529 |    498 |     31 |     53 |    404 |   1 |  529.0 |
               +--------+--------+--------+--------+--------+-----+--------+

Top non-repeatable levels by time:
     D:1: 529 daAuts
